 Dungeon Crawl Stone Soup version 0.26-a0-854-gdc81c2f471 (webtiles) character file.

Game seed: 888856143598100273

821058 marklar909 the Halfling Catapult (level 27, -29/219 HPs)
             Began as a Halfling Hunter on Nov 23, 2020.
             Was the Champion of the Shining One.
             Killed from afar by a shard shrike (42 damage)
             ... with a shard of ice
             ... on level 7 of Cocytus on Nov 24, 2020.
             The game lasted 04:30:09 (121656 turns).

marklar909 the Halfling Catapult (HaHu)           Turns: 121656, Time: 04:30:10

Health: -29/219    AC: 36    Str: 31    XL:     27
Magic:  23/37      EV: 25    Int: 18    God:    the Shining One [******]
Gold:   1009       SH: 17    Dex: 20    Spells: 26/26 levels left

rFire    + + .     SeeInvis +   b - +9 fustibalus (holy)
rCold    + + .     Faith    .   C - +0 buckler of Foolhardiness {rC+ MR++}
rNeg     + + +     Spirit   .   V - +3 plate armour of the Thinker {+Blink rElec MR+}
rPois    .         Reflect  +   k - +1 helmet of Darkness {Rampage rF+ Int+3 Dex+4}
rElec    +         Harm     .   E - +2 cloak {rCorr}
rCorr    +         Rampage  +   I - +2 pair of gloves {archery}
MR       +++++                  s - +2 pair of boots {Stlth+}
Stlth    ..........             e - amulet of the King {Reflect Str+3 Int+6 SH+5}
HPRegen  0.46/turn              Z - ring "Woryefoj" {rF+ rC+ Str+2}
MPRegen  0.25/turn              Y - ring "Tecuos" {MR+ Str+4 Dex-3 SInv}

@: marked, glowing, studying Spellcasting
A: small, mutation resistance 1
}: 6/15 runes: decaying, serpentine, slimy, silver, obsidian, abyssal
a: Divine Shield, Cleansing Flame, Summon Divine Warrior, Renounce Religion,
Evoke Blink


You were on level 7 of Cocytus.
You worshipped the Shining One.
The Shining One was exalted by your worship.
You visited 14 branches of the dungeon, and saw 68 of its levels.
You visited the Abyss 2 times.
You also visited: Ossuary.

You collected 9977 gold pieces.
You spent 8968 gold pieces at shops.

Inventory:

Hand Weapons
 a - a +1 long sword of holy wrath
 b - a +9 fustibalus of holy wrath (weapon)
 h - a +9 vorpal fustibalus
Missiles
 d - 447 sling bullets (quivered)
 t - 32 curare-tipped darts
Armour
 k - the +1 helmet of Darkness (worn) {Rampage rF+ Int+3 Dex+4}
   (Okawaru gifted it to you on level 1 of the Snake Pit)

   It affects your intelligence (+3).
   It affects your dexterity (+4).
   It protects you from fire.
   It bestows one free step when moving towards enemies.
 s - a +2 pair of boots of stealth (worn)
 C - the +0 buckler of Foolhardiness (worn) {rC+ MR++}
   (Okawaru gifted it to you on level 4 of the Snake Pit)

   It protects you from cold.
   It affects your resistance to hostile enchantments.
 E - a +2 cloak of preservation (worn)
 I - a +2 pair of gloves of archery (worn)
 M - a +2 cloak of magic resistance
 P - a +5 kite shield of protection
 V - the +3 plate armour of the Thinker (worn) {+Blink rElec MR+}
   (Okawaru gifted it to you on level 1 of the Depths)

   It insulates you from electricity.
   It affects your resistance to hostile enchantments.
   It lets you blink.
Jewellery
 e - the amulet of the King (around neck) {Reflect Str+3 Int+6 SH+5}
   (You bought it in a shop on level 5 of the Depths)

   [amulet of reflection]

   It shields you and reflects attacks.
   It affects your strength (+3).
   It affects your intelligence (+6).
   It affects your SH (+5).
 Y - the ring "Tecuos" (right hand) {MR+ Str+4 Dex-3 SInv}
   (You bought it in a shop on level 5 of the Depths)

   [ring of protection from magic]

   It affects your strength (+4).
   It affects your dexterity (-3).
   It affects your resistance to hostile enchantments.
   It lets you see invisible.
 Z - the ring "Woryefoj" (left hand) {rF+ rC+ Str+2}
   (You took it off a deep elf annihilator on level 3 of the Elven Halls)

   [ring of protection from fire]

   It affects your strength (+2).
   It protects you from fire.
   It protects you from cold.
Wands
 p - a wand of digging (12)
 R - a wand of acid (19)
 S - a wand of iceblast (69)
Scrolls
 c - 2 scrolls of immolation
 f - 10 scrolls of identify
 i - 19 scrolls of teleportation
 l - a scroll of enchant armour
 n - 24 scrolls of remove curse
 o - 3 scrolls of fear
 u - 12 scrolls of amnesia
 w - 10 scrolls of magic mapping
 y - 3 scrolls of fog
 D - 4 scrolls of holy word
 L - 6 scrolls of blinking
Potions
 g - 4 potions of lignification
 m - 9 potions of might
 q - 8 potions of curing
 v - 5 potions of haste
 x - 8 potions of ambrosia
 z - 5 potions of magic
 A - 12 potions of flight
 B - 4 potions of resistance
 F - 5 potions of cancellation
 G - 7 potions of brilliance
 Q - 5 potions of mutation
Books
 r - a manual of Spellcasting
Miscellaneous
 j - a phial of floods
 J - a box of beasts
 U - a lightning rod (4/4)


   Skills:
 + Level 25.8 Fighting
 * Level 8.2 Long Blades
 O Level 27 Slings
 + Level 0.5(13.9) Throwing
 + Level 20.2 Armour
 * Level 18.4 Dodging
 + Level 5.0 Stealth
 + Level 24.2 Shields
 * Level 20.4 Invocations
 + Level 14.8 Evocations


You had 26 spell levels left.
You didn't know any spells.
Your spell library contained the following spells:

 Spells                   Type           Power        Failure   Level
 Animate Skeleton         Necr           #.....       63%         1
 Apportation              Tloc           #.....       63%         1
 Beastly Appendage        Tmut           #.....       63%         1
 Corona                   Hex            #......      63%         1
 Foxfire                  Conj/Fire      #...         63%         1
 Magic Dart               Conj           #...         63%         1
 Pain                     Necr           #...         63%         1
 Sandblast                Erth           #.....       63%         1
 Shock                    Conj/Air       #...         63%         1
 Sting                    Tmut/Pois      #...         63%         1
 Summon Small Mammal      Summ           #...         63%         1
 Blink                    Tloc           N/A          77%         2
 Call Imp                 Summ           #.......     77%         2
 Corpse Rot               Necr/Air       N/A          77%         2
 Ensorcelled Hibernation  Hex/Ice        #.....       77%         2
 Passwall                 Tmut/Erth      #.......     77%         2
 Poisonous Vapours        Pois/Air       #.....       77%         2
 Searing Ray              Conj           #.....       77%         2
 Slow                     Hex            #.......     77%         2
 Sublimation of Blood     Necr           #.........   77%         2
 Swiftness                Air            #.......     77%         2
 Wereblood                Tmut           #.......     77%         2
 Call Canine Familiar     Summ           #.......     94%         3
 Confusing Touch          Hex            #.......     94%         3
 Conjure Flame            Conj/Fire      #.......     94%         3
 Dazzling Flash           Conj/Hex       #.....       94%         3
 Gell's Gravitas          Tloc           #.........   94%         3
 Ignite Poison            Fire/Tmut/Pois #.......     94%         3
 Inner Flame              Hex/Fire       #.......     94%         3
 Mephitic Cloud           Conj/Pois/Air  #.......     94%         3
 Portal Projectile        Hex/Tloc       #.....       94%         3
 Spider Form              Tmut/Pois      #.........   94%         3
 Static Discharge         Conj/Air       #.......     94%         3
 Stone Arrow              Conj/Erth      #.....       94%         3
 Summon Guardian Golem    Hex/Summ       #.......     94%         3
 Tukima's Dance           Hex            #.......     94%         3
 Vampiric Draining        Necr           #.........   94%         3
 Airstrike                Air            #.........   100%        4
 Animate Dead             Necr           #.........   100%        4
 Cause Fear               Hex            #.........   100%        4
 Dispel Undead            Necr           #.......     100%        4
 Fulminant Prism          Conj/Hex       #.........   100%        4
 Hailstorm                Conj/Ice       #.......     100%        4
 Ice Form                 Ice/Tmut       #.......     100%        4
 Iskenderun's Mystic Bla  Conj/Tloc      #.......     100%        4
 Leda's Liquefaction      Hex/Erth       #.........   100%        4
 Olgreb's Toxic Radiance  Pois           #.......     100%        4
 Passage of Golubria      Tloc           N/A          100%        4
 Petrify                  Tmut/Erth      #.......     100%        4
 Summon Ice Beast         Ice/Summ       #.......     100%        4
 Summon Lightning Spire   Summ/Air       #.......     100%        4
 Agony                    Necr           #.......     100%        5
 Blade Hands              Tmut           #.........   100%        5
 Bolt of Magma            Conj/Fire/Erth #.........   100%        5
 Borgnjor's Vile Clutch   Necr/Erth      #.........   100%        5
 Excruciating Wounds      Necr           #.........   100%        5
 Fireball                 Conj/Fire      #.........   100%        5
 Iskenderun's Battlesphe  Conj           #.......     100%        5
 Lee's Rapid Deconstruct  Erth           #.........   100%        5
 Lightning Bolt           Conj/Air       #.........   100%        5
 Metabolic Englaciation   Hex/Ice        #.........   100%        5
 Yara's Violent Unravell  Hex/Tmut       #.........   100%        5
 Death Channel            Necr           #.........   100%        6
 Dispersal                Tloc           #.........   100%        6
 Eringya's Noxious Bog    Tmut/Pois      #.........   100%        6
 Freezing Cloud           Conj/Ice/Air   #.........   100%        6
 Invisibility             Hex            #.......     100%        6
 Iron Shot                Conj/Erth      #.........   100%        6
 Ozocubu's Refrigeration  Ice            #.........   100%        6
 Simulacrum               Ice/Necr       #.........   100%        6
 Statue Form              Tmut/Erth      #........    100%        6
 Dragon Form              Tmut           #.........   100%        7
 Orb of Destruction       Conj           #.........   100%        7
 Spellforged Servitor     Conj/Summ      #.........   100%        7
 Disjunction              Tloc           #.........   100%        8
 Dragon's Call            Summ           #.........   100%        9
 Shatter                  Erth           #.........   100%        9


Dungeon Overview and Level Annotations

Branches:
Dungeon (15/15)            Temple (1/1) D:5            Lair (6/6) D:9
  Swamp (4/4) Lair:3        Snake (4/4) Lair:2        Slime (5/5) Lair:6
    Orc (2/2) D:11            Elf (3/3) Orc:2        Vaults (5/5) D:14
  Crypt (3/3) Vaults:3       Tomb (0/3) Crypt:3      Depths (5/5) D:15
   Hell (visited)             Dis (0/7) Hell            Geh (7/7) Hell
    Coc (7/7) Hell            Tar (0/7) Hell            Zot (0/5) Depths:5
Ossuary (visited)

Altars:
Ashenzari
Cheibriados
Dithmenos
Elyvilon
Fedhas
Gozag
Hepliaklqana
Kikubaaqudgha
Makhleb
Nemelex Xobeh
Okawaru
Qazlal
Ru
Sif Muna
Trog
Uskayaw
Vehumet
Wu Jian
Xom
Yredelemnul
Zin
The Shining One
Beogh
Jiyva
Lugonu

Shops:
D:6 [   D:9 ?   D:14 [   Orc:1 ?   Orc:2 }??*   Elf:1 [   Vaults:2 !
Depths:3 ??:   Depths:5 ==}

Portals:
Hell: Depths:1 Depths:2 Depths:3 Depths:4 Depths:5
Abyss: Depths:1 Depths:3 Depths:4
Pandemonium: Depths:3 Depths:5
Ziggurat: Depths:3

Annotations:
Vaults:5 1 exclusion
Crypt:3 2 runed translucent doors, Ciwiv's ghost, veteran FoFi


Innate Abilities, Weirdness & Mutations

You are small and have problems with some larger weapons.
You are somewhat resistant to further mutation.


Message History

Unknown command.
Unknown command.
Unknown command.
Unknown command.
The golden flame engulfs you but does no damage.
You resist.
The golden flame engulfs the shard shrike!!!
The shard shrike is almost dead.
The golden flame engulfs the shard shrike!!!
The shard shrike is almost dead.
The golden flame engulfs your angel.
Your angel completely resists.
Your angel is severely wounded.
You block the shard shrike's attack. The shard shrike claws you!
* * * LOW HITPOINT WARNING * * *
The shard shrike freezes you!! You resist.
* * * LOW HITPOINT WARNING * * *
The shard shrike spits a shard of ice at you.
The shard of ice hits you!!! You partially resist.
You die...

#... ≈≈≈≈≈≈Z≈≈≈≈≈≈≈≈.
#... ≈≈≈≈≈≈≈≈≈≈≈≈≈≈≈..
#... ≈≈≈≈≈≈≈≈≈≈≈≈≈≈≈..
#...
≈≈≈≈≈≈≈≈≈.........#
##...
≈≈≈≈≈≈≈≈≈.(........#
#....
≈≈≈≈≈≈.............#
##....
.≈≈≈≈≈≈≈....b(A......#
#....≈ ≈
≈≈≈≈≈≈≈......b@.....#
##...≈≈
≈≈≈≈≈≈≈....^.........##
#...)≈≈
≈≈≈≈≈≈≈.......≈≈≈...##
#....≈≈
≈≈≈≈≈........≈≈≈≈####
#....≈≈
≈≈≈≈≈........≈≈≈##
#.....≈
≈≈≈≈...........##
###...≈
≈≈≈≈.........### ##..≈
≈≈...........# #.)≈
≈≈.........#.# #..≈


You could see 2 shard shrikes, an anaconda skeleton and a friendly angel
(summoned).

Vanquished Creatures
  Asmodeus (Geh:7)
  the Royal Jelly (Slime:5)
  Mara (Vaults:2)
  5 ancient liches
  3 greater mummies (Crypt:1)
  2 juggernauts
  Saint Roka (Snake:2)
  Margery (Depths:4)
  9 shard shrikes
  A curse toe (Crypt:3)
  Geryon (Hell)
  Frederick (Depths:2)
  The ghost of DizzySkin the Executioner, a veteran MiBe of Trog (Vaults:3)
  Xtahua (Vaults:4)
  Nikola (Elf:2)
  2 golden dragons
  the Enchantress (Depths:2)
  6 bone dragons
  25 Brimstone Fiends
  A hellephant (Hell)
  10 liches
  4 tentacled monstrosities
  9 Ice Fiends
  12 titans
  8 deep elf blademasters
  21 acid blobs
  An Executioner (Abyss:2)
  Gastronok (D:8)
  2 tentacled starspawn (Abyss:2)
  6 ancient champions
  7 deep elf master archers
  5 sphinxes
  A thorn hunter (Swamp:4)
  6 shadow dragons
  Agnes (Snake:3)
  6 tengu reavers
  2 revenants (Crypt:3)
  3 fenstrider witches
  2 storm dragons (Depths:4)
  7 nagarajas
  An iron dragon (Vaults:5)
  7 azure jellies
  20 frost giants
  16 fire giants
  Louise (Snake:3)
  9 balrugs
  2 draconian knights
  9 deep elf sorcerers
  11 vault wardens
  2 draconian scorchers
  2 cacodemons
  Aizul (Snake:2)
  A caustic shrike zombie (Hell)
  An angel (Abyss:3)
  14 ironheart preservers
  8 curse skulls
  A draconian shifter (Depths:5)
  9 ghouls
  2 draconian stormcallers
  4 deep elf elementalists (Elf:3)
  23 very ugly things
  24 reapers
  2 draconian annihilators (Depths:2)
  2 ophanim (Abyss:3)
  7 spriggan defenders
  31 stone giants
  A juggernaut skeleton (Depths:4)
  6 war gargoyles
  2 entropy weavers
  16 vampire knights
  4 green draconians
  6 deep elf demonologists
  4 purple draconians
  5 black draconians
  16 deep elf annihilators
  3 yellow draconians
  A spark wasp (Depths:3)
  6 bunyips
  4 white draconians
  10 ettins
  5 eidola
  11 deep elf death magi
  10 blizzard demons
  3 mummy priests
  11 fire dragons
  3 eleionomae
  7 statues (Depths:2)
  10 ogre magi
  A fire dragon (shapeshifter) (Vaults:5)
  17 yaktaur captains
  9 death oozes
  22 jiangshi
  4 quicksilver dragon zombies
  13 great orbs of eyes
  8 deep elf high priests
  2 kraken zombies
  6 quicksilver dragon skeletons
  31 vault guards
  23 hydras
  3 rakshasas
  2 ghost crabs
  21 ice dragons
  3 spriggan air magi
  Erica (Orc:1)
  A hell beast (Depths:1)
  14 anacondas
  6 alligators
  17 naga warriors
  6 boulder beetles
  13 centaur warriors
  4 death knights
  A catoblepas (Lair:6)
  38 two-headed ogres
  31 dancing weapons
  5 deep troll shamans
  5 tengu warriors
  Urug (Lair:3)
  3 death yaks (Lair:6)
  10 deep troll earth magi
  57 hell knights
  8 titan zombies
  7 spriggan berserkers
  11 shock serpents
  5 vampire magi
  15 sun demons
  23 hell hogs
  21 naga sharpshooters
  2 storm dragon zombies
  6 orc high priests
  4 iron golems
  7 soul eaters
  23 deep elf knights
  3 shadow wraiths
  64 skeletal warriors
  3 titan skeletons
  3 storm dragon skeletons
  2 cherubim (Abyss:3)
  A quicksilver dragon simulacrum (Crypt:2)
  5 golden dragon zombies
  4 goliath frogs
  A torturous demonspawn (Depths:3)
  3 ghost moth zombies
  A kraken simulacrum (Hell)
  5 glowing orange brains
  An infernal demonspawn (Depths:5)
  23 flayed ghosts
  A spriggan druid (Swamp:4)
  A lindwurm (Lair:6)
  38 deep trolls
  12 swamp dragons
  16 anaconda zombies
  14 deep elf archers
  13 bog bodies
  An orange crystal statue (Vaults:3)
  3 gelid demonspawn
  3 shadow dragon zombies
  The ghost of stormannnn the Skirmisher, a novice MiFi of Yredelemnul (D:6)
  16 orc knights
  4 wizards
  A harpy (Vaults:3)
  7 large abominations
  17 ironbrand convokers
  10 naga ritualists
  2 harpies (shapeshifter)
  2 anaconda skeletons
  7 iron dragon zombies
  29 necromancers
  4 fire giant zombies
  10 mana vipers
  6 wolf spider zombies
  6 golden dragon skeletons
  3 wolf spiders
  83 deep elf magi
  10 phantasmal warriors
  30 ugly things
  9 salamanders
  4 tengu skeletons
  3 shadow dragon skeletons
  4 orc sorcerers
  3 shining eyes
  A will-o-the-wisp (Swamp:4)
  5 frost giant zombies
  5 elephants
  3 manticores
  10 human skeletons
  7 cyclopes
  5 iron dragon skeletons
  5 stone giant zombies
  5 guardian serpents
  10 stone giant skeletons
  A sphinx skeleton (Depths:4)
  7 fire giant skeletons
  6 frost giant skeletons
  10 rust devils
  60 black mambas
  Maurice (D:8)
  A water nymph (shapeshifter) (Vaults:5)
  A black mamba (shapeshifter) (Vaults:4)
  An eye of devastation (Slime:4)
  11 molten gargoyles
  4 dire elephant zombies (Geh:7)
  24 naga magi
  9 vault sentinels
  3 torpor snails (Lair:5)
  4 smoke demons
  9 cane toads
  2 gargoyles
  An ice statue (Hell)
  4 orange demons
  2 spriggan zombies
  A komodo dragon (shapeshifter) (Vaults:5)
  3 dire elephant skeletons
  30 hellions
  2 shock serpent skeletons
  7 rime drakes
  A minotaur zombie (Crypt:1)
  A kobold demonologist (D:6)
  6 efreet
  3 yaktaur zombies
  A purple draconian zombie (Crypt:1)
  An anaconda simulacrum (Coc:5)
  A demonic crawler (Hell)
  27 freezing wraiths
  27 tormentors
  4 tengu conjurers
  14 komodo dragons
  51 yaktaurs
  An emperor scorpion zombie (Geh:7)
  A catoblepas skeleton (Geh:5)
  12 hydra zombies
  29 ice devils
  A yaktaur skeleton (Vaults:1)
  A hellwing (Depths:3)
  A white draconian skeleton (Crypt:3)
  4 harpy zombies
  34 red devils
  6 guardian mummies (Crypt:3)
  A polar bear (shapeshifter) (Vaults:4)
  An ancient zyme (Abyss:1)
  A wind drake (shapeshifter) (Depths:3)
  12 hornets
  A polar bear (Lair:4)
  10 tyrant leeches
  A wolf spider simulacrum (Crypt:1)
  A yellow draconian skeleton (Crypt:3)
  A shadow dragon simulacrum (Crypt:1)
  2 bloated husks
  A raiju (Abyss:3)
  5 hydra skeletons
  8 trolls
  A hornet (shapeshifter) (D:13)
  2 raiju (shapeshifter)
  2 harpy skeletons
  5 alligator zombies
  A dream sheep (shapeshifter) (Depths:2)
  8 ettin zombies
  4 ice dragon zombies
  17 blink frogs
  A satyr zombie (Crypt:1)
  A blink frog (shapeshifter) (Vaults:1)
  4 fire dragon zombies
  107 slime creatures
  A fire giant simulacrum (Vaults:2)
  A death drake skeleton (Crypt:3)
  4 frost giant simulacra
  12 spriggans
  A meliai zombie (D:14)
  6 air elementals
  4 alligator skeletons
  A ynoxinul (Depths:5)
  112 flying skulls
  A centaur simulacrum (D:15)
  7 fire dragon skeletons
  7 ice dragon skeletons
  9 fire bats
  17 shadows
  14 wyverns
  13 ettin skeletons
  A black mamba zombie (Geh:6)
  57 yaks
  3 redbacks (Vaults:4)
  2 vampires
  42 wraiths
  39 fire elementals
  17 water elementals
  A chaos spawn (Depths:5)
  2 steam dragons
  3 small abominations (Abyss:3)
  2 black mamba skeletons
  13 basilisks
  Grum (Lair:1)
  2 neqoxecs
  2 yaktaur simulacra
  8 vampire mosquitoes
  2 wargs
  40 nagas
  9 water moccasins
  12 insubstantial wisps
  8 cane toad zombies
  4 hydra simulacra
  13 swamp worms
  An acid dragon (D:13)
  A deep troll zombie (Vaults:1)
  A merfolk zombie (Geh:7)
  40 hell hounds
  A deep troll skeleton (Vaults:2)
  Duvessa (D:6)
  A floating eye (Depths:3)
  3 manticore zombies
  51 orc warriors
  A merfolk skeleton (Geh:7)
  11 swamp drakes
  7 eyes of draining
  2 hornet zombies
  6 cane toad skeletons
  3 snapping turtle zombies
  6 sky beasts
  5 black bears
  A swamp dragon zombie (Coc:3)
  10 ice beasts
  An ice beast (shapeshifter) (Depths:1)
  4 phantoms
  2 wolves (Lair:1)
  A blink frog zombie (Crypt:1)
  8 starcursed masses (Abyss:2)
  20 boggarts
  2 manticore skeletons
  35 ogres
  34 centaurs
  2 swamp dragon skeletons
  10 necrophages
  4 snapping turtle skeletons
  A fire crab zombie (Crypt:2)
  13 big kobolds
  A komodo dragon zombie (Crypt:2)
  A rime drake skeleton (Crypt:2)
  9 bullfrogs
  An earth elemental (Elf:3)
  An elf skeleton (Crypt:1)
  A salamander skeleton (Crypt:2)
  A cyclops skeleton (Crypt:3)
  4 scorpions
  A human simulacrum (Vaults:2)
  Dowan (D:6)
  3 killer bees (D:10)
  An orc simulacrum (Vaults:2)
  3 troll skeletons
  A yak skeleton (Crypt:2)
  60 wights
  6 electric eels
  8 howler monkeys
  A polar bear skeleton (Crypt:2)
  A bullfrog zombie (Crypt:3)
  4 lava snakes (Lair:6)
  3 crimson imps
  4 centaur zombies
  4 human zombies
  5 jellies
  4 quasits
  5 centaur skeletons
  A hound (D:7)
  32 orc priests
  5 bullfrog skeletons
  An iron imp (Depths:5)
  30 orc wizards
  6 iguanas
  Ijyb (D:3)
  12 hell rats
  6 worker ants
  A naga zombie (Crypt:2)
  A dwarf skeleton (Crypt:2)
  2 hound zombies (Ossuary)
  A hound skeleton (D:8)
  5 mummies
  A worker ant zombie (Crypt:2)
  9 gnolls
  8 adders
  2 shadow imps
  18 white imps
  7 ufetubi
  2 oozes (D:1)
  4 worms
  2 dart slugs
  7 leopard geckos
  111 orcs
  11 giant cockroaches
  2 gnoll zombies
  7 goblins
  10 hobgoblins
  5 jackals
  26 kobolds
  3 quokkas
  3 ball pythons
  A ball python zombie (Crypt:2)
  8 bats
  4 frilled lizards
  A giant cockroach zombie (Crypt:2)
  6 goblin zombies (Ossuary)
  5 hobgoblin zombies (Ossuary)
  A jackal skeleton (D:5)
  5 jackal zombies (Ossuary)
  A kobold skeleton (Geh:4)
  2 kobold zombies (Ossuary)
  3 leopard gecko skeletons
  4 orc zombies
  5 quokka zombies
  9 rats
  3 rat zombies (Ossuary)
  4 butterflies (Depths:1)
  4 crawling corpses
  5 fire vortices
  4 starspawn tentacles (Abyss:2)
  5 tentacles
3558 creatures vanquished.

Vanquished Creatures (collateral kills)
  3 shard shrikes
  2 bone dragons
  2 Brimstone Fiends
  An Ice Fiend (Coc:7)
  A deep elf master archer (Geh:1)
  2 deep elf blademasters (Geh:1)
  2 frost giants (Coc:7)
  2 elemental wellsprings (Coc:7)
  10 reapers
  A draconian annihilator (Geh:1)
  4 stone giants
  9 blizzard demons (Coc:7)
  2 kraken zombies
  A quicksilver dragon skeleton (Coc:4)
  14 ice dragons
  A titan zombie (Coc:6)
  3 soul eaters
  A shadow wraith (Geh:4)
  20 skeletal warriors
  8 anaconda zombies
  A storm dragon skeleton (Coc:4)
  A golden dragon zombie (Coc:6)
  3 anaconda skeletons
  3 golden dragon skeletons
  A bog body (Coc:7)
  An iron dragon zombie (Geh:4)
  4 stone giant zombies
  2 frost giant zombies
  2 iron dragon skeletons
  A fire giant zombie (Coc:5)
  3 fire giant skeletons
  2 frost giant skeletons
  2 dire elephant zombies (Coc:5)
  An ice statue (Coc:7)
  3 emperor scorpion zombies
  A hellion (Geh:4)
  9 freezing wraiths
  16 ice devils
  2 tormentors
  8 hydra zombies
  A harpy zombie (Coc:4)
  An ice dragon zombie (Coc:4)
  An ettin zombie (Coc:5)
  2 fire dragon zombies (Coc:4)
  5 hydra skeletons
  4 alligator zombies
  A fire dragon skeleton (Geh:4)
  An ettin skeleton (Coc:7)
  A shock serpent simulacrum (Coc:4)
  A shadow (Coc:4)
  12 flying skulls
  An alligator skeleton (Coc:5)
  5 wraiths
  2 water elementals
  A naga (Snake:2)
  4 cane toad zombies
  A cane toad skeleton (Coc:6)
  2 snapping turtle zombies
  An alligator simulacrum (Coc:4)
  6 ice beasts
  2 snapping turtle skeletons
  2 cane toad simulacra
  4 wights
  A mummy (Coc:5)
  3 white imps
  A tentacle (Coc:2)
221 creatures vanquished.

Vanquished Creatures (others)
  A tentacled monstrosity (Vaults:5)
  A deep elf blademaster (Elf:3)
  2 fire giants
  A deep elf elementalist (Elf:3)
  2 elemental wellsprings
  A green draconian (Geh:7)
  A purple draconian (Geh:4)
  A blizzard demon (Coc:2)
  3 vault guards (Vaults:5)
  An ice dragon (Coc:7)
  A hell hog (Geh:7)
  2 dancing weapons (Elf:1)
  2 deep elf knights (Elf:1)
  A wolf spider zombie (Geh:7)
  A shock serpent skeleton (Geh:7)
  A tormentor (Coc:2)
  A bloated husk (Swamp:3)
  3 flying skulls
  A fire elemental (Elf:1)
  2 vampire mosquitoes (Swamp:3)
  A boggart (Vaults:1)
  An ogre (Vaults:5)
  A hell rat (Hell)
  2 white imps
  4 briar patches (Swamp:4)
  2 foxfires (Swamp:4)
  25 fungi
  57 plants
  4 starspawn tentacles (Abyss:2)
  14 tentacles
140 creatures vanquished.

Grand Total: 3919 creatures vanquished

Notes
Turn   | Place    | Note
-------+----------+-------------------------------------------
     0 | D:1      | marklar909 the Halfling Hunter began the quest for the Orb.
     0 | D:1      | Reached XP level 1. HP: 14/14 MP: 1/1
    63 | D:1      | Reached skill level 6 in Slings
   272 | D:1      | Reached XP level 2. HP: 19/19 MP: 2/2
   507 | D:1      | Reached XP level 3. HP: 24/24 MP: 3/3
   626 | D:1      | Reached skill level 7 in Slings
  1032 | D:2      | Reached XP level 4. HP: 29/29 MP: 4/4
  1358 | D:2      | Reached skill level 1 in Armour
  1730 | D:2      | Found an opulent altar of Gozag.
  2155 | D:2      | Reached skill level 8 in Slings
  2351 | D:3      | Reached XP level 5. HP: 34/34 MP: 5/5
  2447 | D:3      | Noticed Ijyb
  2460 | D:3      | Killed Ijyb
  2486 | D:3      | Found a broken altar of Ashenzari.
  2834 | D:3      | Reached XP level 6. HP: 41/41 MP: 6/6
  3624 | D:4      | Reached skill level 9 in Slings
  4242 | D:5      | Entered Level 5 of the Dungeon
  4292 | D:5      | Found a staircase to the Ecumenical Temple.
  4294 | D:5      | Noticed an ogre
  4306 | D:5      | Killed an ogre
  4307 | D:5      | Reached XP level 7. HP: 33/46 MP: 7/7
  4315 | Temple   | Entered the Ecumenical Temple
  4486 | Temple   | Became a worshipper of Warmaster Okawaru
  4593 | D:5      | Reached skill level 10 in Slings
  4735 | D:5      | You fall into a shaft and drop 2 floors!
  4773 | D:7      | Reached XP level 8. HP: 27/54 MP: 8/8
  4780 | D:7      | Reached * piety under Okawaru
  4781 | D:7      | Reached skill level 11 in Slings
  5111 | D:7      | Found a sand-covered staircase.
  5148 | Ossuary  | Entered an ossuary
  5719 | D:7      | Reached skill level 12 in Slings
  5763 | D:7      | Reached ** piety under Okawaru
  5764 | D:7      | Reached skill level 5 in Fighting
  6073 | D:7      | Noticed a two-headed ogre
  6104 | D:7      | Killed a two-headed ogre
  6104 | D:7      | Reached *** piety under Okawaru
  6105 | D:7      | Reached skill level 13 in Slings
  6105 | D:7      | Reached skill level 1 in Evocations
  6105 | D:7      | Reached XP level 9. HP: 43/62 MP: 9/9
  6429 | D:7      | Found a sparkling altar of Nemelex Xobeh.
  7032 | D:8      | Found a viscous altar of Jiyva.
  7072 | D:8      | Noticed Maurice
  7098 | D:8      | Killed Maurice
  7099 | D:8      | Reached skill level 1 in Invocations
  7099 | D:8      | Reached XP level 10. HP: 69/69 MP: 9/11
  7505 | D:8      | Reached **** piety under Okawaru
  7942 | D:8      | Noticed Gastronok
  8030 | D:9      | Noticed a two-headed ogre
  8049 | D:9      | Killed a two-headed ogre
  8050 | D:9      | Reached skill level 14 in Slings
  8050 | D:9      | Reached skill level 5 in Dodging
  8250 | D:9      | Noticed an elephant
  8253 | D:9      | Got a jewelled chain mail
  8274 | D:9      | Killed an elephant
  8275 | D:9      | Reached skill level 5 in Armour
  8489 | D:9      | Found a staircase to the Lair.
  8638 | D:9      | Received a gift from Okawaru
  8649 | D:9      | Reached XP level 11. HP: 60/76 MP: 14/14
  8823 | D:9      | Noticed an orb spider
  8832 | D:9      | Noticed a harpy
  8844 | D:9      | Killed a harpy
  9040 | D:9      | Found Lituoh's Magic Scroll Shop.
  9043 | D:9      | Bought a scroll of identify for 32 gold pieces
  9237 | D:9      | Noticed a two-headed ogre
  9251 | D:9      | Killed a two-headed ogre
  9541 | D:8      | Identified the +3 chain mail "Voargherr" {rPois MR++} (You
                  | found it on level 9 of the Dungeon)
  9725 | D:10     | Entered Level 10 of the Dungeon
  9944 | D:10     | Reached skill level 15 in Slings
 10048 | D:10     | Found a radiant altar of Vehumet.
 10169 | D:10     | Reached skill level 5 in Invocations
 10179 | D:10     | Reached ***** piety under Okawaru
 10202 | D:10     | Noticed a two-headed ogre
 10203 | D:10     | Received a gift from Okawaru
 10218 | D:10     | Killed a two-headed ogre
 10768 | D:10     | Received a gift from Okawaru
 11468 | Lair:1   | Entered Level 1 of the Lair of Beasts
 11823 | Lair:1   | Received a gift from Okawaru
 11840 | Lair:1   | Received a gift from Okawaru
 11847 | Lair:1   | Reached XP level 12. HP: 68/84 MP: 16/16
 12382 | Lair:1   | Received a gift from Okawaru
 12388 | Lair:1   | Got a bone fustibalus {god gift}
 12389 | Lair:1   | Identified the +2 fustibalus of Bread {speed, rPois rF-
                  | rC++ Int+9} (Okawaru gifted it to you on level 1 of the
                  | Lair of Beasts)
 12424 | Lair:1   | Reached skill level 16 in Slings
 12670 | Lair:1   | Noticed Grum
 12684 | Lair:1   | Killed Grum
 13658 | Lair:2   | Found a staircase to the Snake Pit.
 14310 | Lair:2   | Received a gift from Okawaru
 14884 | Lair:3   | Noticed Urug
 14901 | Lair:3   | Killed Urug
 15116 | Lair:3   | Reached skill level 17 in Slings
 15116 | Lair:3   | Reached XP level 13. HP: 92/92 MP: 17/17
 15287 | Lair:3   | Found a staircase to the Swamp.
 16069 | Lair:4   | Received a gift from Okawaru
 16171 | Lair:4   | Reached skill level 10 in Fighting
 16221 | Lair:4   | Noticed an eight-headed hydra
 16228 | Lair:4   | Killed an eight-headed hydra
 16331 | Lair:4   | Noticed a six-headed hydra
 16341 | Lair:4   | Killed a six-headed hydra
 16342 | Lair:4   | Reached skill level 10 in Armour
 16818 | Lair:5   | Noticed a five-headed hydra
 16921 | Lair:5   | Killed a five-headed hydra
 17087 | Lair:5   | Noticed a five-headed hydra
 17118 | Lair:5   | Killed a five-headed hydra
 17167 | Lair:5   | Reached skill level 18 in Slings
 17471 | Lair:5   | Found a snail-covered altar of Cheibriados.
 17578 | Lair:5   | Reached XP level 14. HP: 93/101 MP: 18/18
 18025 | Lair:5   | Received a gift from Okawaru
 18026 | Lair:5   | Reached skill level 10 in Dodging
 18537 | Lair:6   | Entered Level 6 of the Lair of Beasts
 18762 | Lair:6   | Reached ****** piety under Okawaru
 19048 | Lair:6   | Received a gift from Okawaru
 19214 | Lair:6   | Received a gift from Okawaru
 19219 | Lair:6   | Got a buzzing hunting sling {god gift}
 19271 | Lair:6   | Identified the +1 hunting sling "Zaynky" {vorpal, +Inv MP+9
                  | Str-5 Stlth+} (Okawaru gifted it to you on level 6 of the
                  | Lair of Beasts)
 19419 | Lair:6   | Found a staircase to the Slime Pits.
 19420 | Lair:6   | Found a viscous altar of Jiyva.
 19725 | Lair:6   | Found a large runed translucent door.
 19727 | Lair:6   | Found a large runed translucent door.
 20219 | Lair:6   | Reached skill level 19 in Slings
 21020 | D:11     | Found a staircase to the Orcish Mines.
 21168 | D:11     | Received a gift from Okawaru
 21589 | Orc:1    | Entered Level 1 of the Orcish Mines
 21589 | Orc:1    | Noticed Erica
 21604 | Orc:1    | Killed Erica
 21721 | Orc:1    | Received a gift from Okawaru
 21853 | Orc:1    | Found a roughly hewn altar of Beogh.
 22209 | Orc:1    | Found Untya's Magic Scroll Shoppe.
 22219 | Orc:1    | Bought a scroll of identify for 34 gold pieces
 22219 | Orc:1    | Bought a scroll of teleportation for 51 gold pieces
 22219 | Orc:1    | Bought a scroll of enchant armour for 127 gold pieces
 22229 | Orc:1    | You fall into a shaft and drop 1 floor!
 22229 | Orc:2    | Entered Level 2 of the Orcish Mines
 22503 | Orc:2    | Found a staircase to the Elven Halls.
 22760 | Orc:1    | Reached XP level 15. HP: 108/108 MP: 19/19
 24490 | Orc:2    | Found a roughly hewn altar of Beogh.
 24548 | Orc:2    | Found Laics's Magic Scroll Emporium.
 24548 | Orc:2    | Found Larph's Gadget Emporium.
 24550 | Orc:2    | Found Woimp's Magic Scroll Shoppe.
 24553 | Orc:2    | Found Libue's Assorted Antiques.
 24556 | Orc:2    | Bought a scroll of enchant armour for 105 gold pieces
 24556 | Orc:2    | Bought a scroll of teleportation for 42 gold pieces
 24561 | Orc:2    | Bought a scroll of fear for 45 gold pieces
 24561 | Orc:2    | Bought a scroll of teleportation for 39 gold pieces
 27671 | D:13     | Received a gift from Okawaru
 27672 | D:13     | Reached skill level 20 in Slings
 29027 | D:9      | Bought a scroll of enchant armour for 120 gold pieces
 29027 | D:9      | Bought a scroll of identify for 32 gold pieces
 29027 | D:9      | Bought a scroll of blinking for 120 gold pieces
 29027 | D:9      | Bought a scroll of identify for 32 gold pieces
 29196 | Orc:1    | Bought a scroll of enchant weapon for 127 gold pieces
 29196 | Orc:1    | Bought a scroll of teleportation for 51 gold pieces
 29196 | Orc:1    | Bought a scroll of identify for 34 gold pieces
 29196 | Orc:1    | Bought a scroll of blinking for 127 gold pieces
 29235 | Orc:2    | Bought a scroll of enchant armour for 105 gold pieces
 29235 | Orc:2    | Bought a scroll of magic mapping for 49 gold pieces
 29235 | Orc:2    | Bought a scroll of magic mapping for 49 gold pieces
 29235 | Orc:2    | Bought a scroll of teleportation for 42 gold pieces
 29237 | Orc:2    | Bought a scroll of enchant weapon for 285 gold pieces
 29496 | Swamp:1  | Entered Level 1 of the Swamp
 29942 | Swamp:1  | Reached XP level 16. HP: 117/117 MP: 20/20
 30125 | Swamp:2  | Noticed a fenstrider witch
 30130 | Swamp:2  | Received a gift from Okawaru
 30140 | Swamp:2  | Killed a fenstrider witch
 30144 | Swamp:2  | Got a pitted hunting sling {god gift}
 30964 | Swamp:2  | Noticed a fenstrider witch
 30966 | Swamp:2  | Killed a fenstrider witch
 31372 | Swamp:3  | Received a gift from Okawaru
 31422 | Swamp:3  | Received a gift from Okawaru
 32174 | Swamp:4  | Entered Level 4 of the Swamp
 32174 | Swamp:4  | Noticed a fenstrider witch
 32182 | Swamp:4  | Killed a fenstrider witch
 32183 | Swamp:4  | Reached skill level 21 in Slings
 33254 | Swamp:4  | Reached skill level 1 in Shields
 33281 | Swamp:4  | Noticed a thorn hunter
 33296 | Swamp:4  | Killed a thorn hunter
 33307 | Swamp:4  | Reached XP level 17. HP: 59/124 MP: 11/22
 33877 | Swamp:4  | Received a gift from Okawaru
 34374 | Swamp:4  | Got a decaying rune of Zot
 34872 | Snake:1  | Entered Level 1 of the Snake Pit
 35674 | Snake:1  | Found a hazy altar of Hepliaklqana.
 35693 | Snake:1  | Received a gift from Okawaru
 35861 | Snake:1  | Got a jewelled helmet {god gift}
 35872 | Snake:1  | Identified the +1 helmet of Darkness {Rampage rF+ Int+3
                  | Dex+4} (Okawaru gifted it to you on level 1 of the Snake
                  | Pit)
 36243 | Snake:1  | Reached skill level 22 in Slings
 36539 | Snake:1  | Found the +10 morningstar "Eos" {elec, Halo rElec}
 37113 | Snake:2  | Reached skill level 5 in Shields
 38012 | Snake:2  | Noticed Aizul
 38034 | Snake:2  | Killed Aizul
 38045 | Snake:2  | Reached XP level 18. HP: 131/132 MP: 15/23
 38347 | Snake:2  | Got a heavily runed scale mail
 38395 | Snake:2  | Received a gift from Okawaru
 38578 | Snake:3  | Noticed Agnes
 38588 | Snake:3  | Killed Agnes
 38777 | Snake:3  | Noticed Saint Roka
 38953 | Snake:2  | Killed Saint Roka
 38953 | Snake:2  | Received a gift from Okawaru
 38953 | Snake:2  | Received a gift from Okawaru
 39122 | Snake:3  | Reached skill level 15 in Fighting
 40685 | Snake:3  | Noticed Louise
 40694 | Snake:3  | Killed Louise
 41341 | Snake:3  | Identified the +6 scale mail of the Foremost Stories {rC+}
                  | (You found it on level 2 of the Snake Pit)
 41407 | Snake:4  | Entered Level 4 of the Snake Pit
 41417 | Snake:4  | Reached skill level 23 in Slings
 42803 | Snake:4  | Reached XP level 19. HP: 87/139 MP: 16/25
 43267 | Snake:4  | Received a gift from Okawaru
 43270 | Snake:4  | Got a steaming buckler {god gift}
 43811 | Snake:4  | Identified the +0 buckler of Foolhardiness {rC+ MR++}
                  | (Okawaru gifted it to you on level 4 of the Snake Pit)
 43951 | Snake:4  | Reached skill level 15 in Armour
 44461 | Snake:4  | Got a serpentine rune of Zot
 45411 | Elf:1    | Entered Level 1 of the Elven Halls
 45676 | Elf:1    | Received a gift from Okawaru
 45803 | Elf:1    | Reached skill level 24 in Slings
 45823 | Elf:1    | Got a fading cloak {god gift}
 46900 | Elf:1    | Reached XP level 20. HP: 149/149 MP: 26/26
 47055 | Elf:1    | Found Morchenu's Armour Shop.
 47196 | Elf:1    | Identified the +0 cloak of Likhlymo {rF+ Str+4} (Okawaru
                  | gifted it to you on level 1 of the Elven Halls)
 47425 | Elf:1    | Reached skill level 10 in Shields
 47435 | Elf:2    | Noticed a Hell Sentinel
 48002 | Elf:2    | Found a runed translucent gate.
 48002 | Elf:2    | Found a runed translucent gate.
 48208 | Elf:2    | Found a runed translucent gate.
 48465 | Elf:3    | Entered Level 3 of the Elven Halls
 48672 | Elf:3    | Received a gift from Okawaru
 50035 | Elf:3    | Identified the +7 great sword of Bazuwn {protect, rN+ MR+
                  | Dex+2}
 50129 | Elf:3    | Identified the +12 trident of Namefets {holy, *Rage rC+ MR+
                  | Int+4}
 50133 | Elf:3    | Identified the cursed +1 trident of the Dark Horse {freeze,
                  | *Noise Fragile rN+ Dex+7}
 50133 | Elf:3    | Identified the ring "Woryefoj" {rF+ rC+ Str+2}
 50322 | Elf:3    | Reached skill level 25 in Slings
 50568 | Elf:3    | Identified the cursed +1 plate armour "Xeerise" {-Tele
                  | Rampage +Inv +Fly}
 50602 | Elf:3    | Identified the +1 chain mail of Gravitas {+Inv rN+}
 51543 | Elf:3    | Received a gift from Okawaru
 51614 | Elf:3    | Identified the Guide on Destructive Orientation
 51761 | Elf:3    | Received a gift from Okawaru
 51792 | Elf:3    | Reached XP level 21. HP: 136/156 MP: 21/27
 51958 | Elf:3    | Identified the Collected Works on Enchanting Intoxication
 51969 | Elf:3    | Identified the Guide on Aerial Battle Magic
 52107 | Elf:3    | Identified the +4 chain mail of Ucyiges {rN+} (You found it
                  | on level 3 of the Elven Halls)
 52521 | D:14     | Found a gate to the Vaults.
 53003 | D:14     | Found Hiqi's Armour Shop.
 53552 | D:15     | Entered Level 15 of the Dungeon
 54116 | D:15     | Found a staircase to the Depths.
 54783 | Vaults:1 | Entered Level 1 of the Vaults
 54818 | Vaults:1 | You fall into a shaft and drop 1 floor!
 54879 | Vaults:2 | Received a gift from Okawaru
 55117 | Vaults:2 | Received a gift from Okawaru
 55206 | Vaults:2 | Received a gift from Okawaru
 55332 | Vaults:2 | Received a gift from Okawaru
 55529 | Vaults:2 | Found Saaniec's Distillery.
 55842 | Vaults:2 | Reached skill level 26 in Slings
 55920 | Vaults:2 | Received a gift from Okawaru
 56300 | Vaults:2 | Noticed Mara
 56302 | Vaults:2 | Noticed marklar909's illusion
 56345 | Vaults:2 | Killed Mara
 56607 | Vaults:3 | Received a gift from Okawaru
 56990 | Vaults:3 | Found a runed translucent door.
 57046 | Vaults:3 | Reached XP level 22. HP: 154/165 MP: 28/28
 57270 | Vaults:3 | Received a gift from Okawaru
 57271 | Vaults:3 | Found the +27 Lear's hauberk
 57497 | Vaults:3 | Found a staircase to the Crypt.
 57944 | Vaults:3 | Paralysed by a hornet for 3 turns
 58510 | Vaults:3 | Noticed DizzySkin's ghost (veteran MiBe)
 58511 | Vaults:3 | Found the ring of the Octopus King
 59328 | Vaults:4 | Noticed Xtahua
 59349 | Vaults:4 | Killed Xtahua
 59354 | Vaults:4 | Received a gift from Okawaru
 59767 | Vaults:4 | Received a gift from Okawaru
 59876 | Vaults:4 | Reached skill level 27 in Slings
 59884 | Vaults:4 | Received a gift from Okawaru
 60422 | Vaults:4 | Received a gift from Okawaru
 60763 | Vaults:3 | Killed DizzySkin's ghost
 60990 | Vaults:3 | Got a ring of the Octopus King
 60995 | Vaults:3 | Identified a ring of the Octopus King {Wiz AC+1 EV+1 Str+1
                  | Int+1 Dex+1} (You found it on level 3 of the Vaults)
 61095 | Vaults:1 | Received a gift from Okawaru
 61249 | Vaults:1 | Found the +9 heavy crossbow "Sniper" {vorpal, Acc+∞ SInv}
 61936 | Vaults:1 | Reached XP level 23. HP: 162/174 MP: 29/29
 62172 | Vaults:1 | Received a gift from Okawaru
 63270 | Depths:1 | Entered Level 1 of the Depths
 63474 | Depths:1 | Noticed the Enchantress
 63898 | Depths:1 | Found a gateway to Hell.
 64019 | Depths:1 | Found a one-way gate to the infinite horrors of the Abyss.
 64175 | Depths:1 | Received a gift from Okawaru
 64227 | Depths:1 | You fall into a shaft and drop 1 floor!
 64276 | Depths:2 | Found a radiant altar of Vehumet.
 64276 | Depths:2 | Noticed Frederick
 64286 | Depths:2 | Killed Frederick
 64568 | Depths:2 | Got a brightly glowing wooden ring
 65115 | Depths:2 | Identified the Compendium of Contamination
 65377 | Depths:2 | Killed the Enchantress
 66287 | Depths:1 | Reached XP level 24. HP: 183/183 MP: 29/29
 67165 | Depths:1 | Identified the ring of Raovvun {rN+ Slay+3 Stlth-} (You
                  | found it on level 2 of the Depths)
 67334 | Depths:1 | Identified Fekh's Collected Works on Evil Secrets
 67474 | Depths:2 | Received a gift from Okawaru
 67683 | Depths:2 | Identified the Guide on the Mutagenic Rocks
 67744 | Depths:2 | Received a gift from Okawaru
 68213 | Depths:2 | Reached skill level 15 in Shields
 69027 | Depths:3 | Found Salytud's Book Shoppe.
 69029 | Depths:3 | Found a gateway to a ziggurat.
 69552 | Depths:3 | Found Benypeul's Magic Scroll Boutique.
 69557 | Depths:3 | Bought a scroll of identify for 44 gold pieces
 69629 | Depths:3 | Received a gift from Okawaru
 69640 | Depths:3 | Reached XP level 25. HP: 141/192 MP: 28/29
 69785 | Depths:3 | Found Damem's Magic Scroll Shoppe.
 69816 | Depths:3 | Bought a scroll of blinking for 142 gold pieces
 70044 | Depths:3 | Found a runed translucent door.
 70045 | Depths:3 | Found a runed translucent door.
 70137 | Depths:3 | Found a one-way gate leading to the halls of Pandemonium.
 70165 | Depths:3 | Received a gift from Okawaru
 70648 | Depths:3 | Received a gift from Okawaru
 70688 | Depths:3 | Got a masterwork helmet {god gift}
 70849 | Depths:1 | Got a translucent plate armour {god gift}
 70850 | Depths:1 | Identified the -4 helmet of the Sky {Rampage Int+6}
                  | (Okawaru gifted it to you on level 3 of the Depths)
 70852 | Depths:1 | Identified the +3 plate armour of the Thinker {+Blink rElec
                  | MR+} (Okawaru gifted it to you on level 1 of the Depths)
 71145 | Depths:3 | Paralysed by a floating eye for 2 turns
 71153 | Depths:3 | Paralysed by a floating eye for 2 turns
 71160 | Depths:3 | Paralysed by a floating eye for 4 turns
 71852 | Depths:3 | Noticed a juggernaut
 71864 | Depths:3 | Killed a juggernaut
 72718 | Depths:4 | Found a corrupted altar of Lugonu.
 72844 | Depths:4 | Noticed Margery
 72854 | Depths:4 | Killed Margery
 73278 | Depths:5 | Entered Level 5 of the Depths
 73895 | Depths:5 | Found Erunuful's Gadget Boutique.
 73895 | Depths:5 | Found Vicoc's Jewellery Emporium.
 73896 | Depths:5 | Found Adatenn's Jewellery Emporium.
 74116 | Depths:5 | Found a gate to the Realm of Zot.
 74240 | Depths:5 | Reached XP level 26. HP: 193/201 MP: 30/30
 74533 | Depths:5 | Received a gift from Okawaru
 75149 | Depths:4 | Received a gift from Okawaru
 75408 | Depths:4 | Voluntarily entered the Abyss.
 75631 | Abyss:3  | Found a glowing golden altar of the Shining One.
 75694 | Abyss:3  | Noticed a juggernaut
 75708 | Abyss:3  | Killed a juggernaut
 75713 | Abyss:3  | Got an abyssal rune of Zot
 75804 | Depths:4 | Escaped the Abyss
 76346 | Orc:2    | Bought the +15 Maxwell's patent armour {-Cast -Tele rElec
                  | MR+ rCorr} for 4081 gold pieces
 76346 | Orc:2    | Found the +15 Maxwell's patent armour {-Cast -Tele rElec
                  | MR+ rCorr}
 77595 | Crypt:1  | Entered Level 1 of the Crypt
 77751 | Crypt:1  | Reached skill level 5 in Evocations
 78210 | Crypt:1  | Reached skill level 10 in Invocations
 79323 | Crypt:1  | Noticed a greater mummy
 79333 | Crypt:1  | Killed a greater mummy
 79408 | Crypt:1  | Received a gift from Okawaru
 79421 | Crypt:1  | Got a fine ring mail
 79751 | Crypt:1  | Noticed a greater mummy
 79760 | Crypt:1  | Killed a greater mummy
 79850 | Crypt:1  | Noticed a greater mummy
 79851 | Crypt:1  | Found the +7 sceptre of Torment {pain, torment}
 79872 | Crypt:1  | Killed a greater mummy
 80255 | Crypt:2  | Reached XP level 27. HP: 191/209 MP: 30/30
 81476 | Crypt:2  | Received a gift from Okawaru
 81546 | Crypt:2  | Found a huge runed translucent gate.
 81546 | Crypt:2  | Found a huge runed translucent gate.
 81547 | Crypt:2  | Found a huge runed translucent gate.
 81547 | Crypt:2  | Found a huge runed translucent gate.
 81547 | Crypt:2  | Found a huge runed translucent gate.
 81547 | Crypt:2  | Found a huge runed translucent gate.
 81548 | Crypt:2  | Found a huge runed translucent gate.
 81548 | Crypt:2  | Found a huge runed translucent gate.
 81548 | Crypt:2  | Found a huge runed translucent gate.
 82505 | D:8      | Killed Gastronok
 83198 | Elf:2    | Received a gift from Okawaru
 83348 | Elf:2    | Noticed Nikola
 83367 | Elf:2    | Killed Nikola
 84192 | Crypt:3  | Entered Level 3 of the Crypt
 84267 | Crypt:2  | Identified the +5 ring mail of Ahofio Itri {Harm *Drain rC-
                  | Dex+9} (You found it on level 1 of the Crypt)
 85033 | Crypt:3  | Received a gift from Okawaru
 85644 | Crypt:3  | Found a staircase to the Tomb.
 85766 | Crypt:3  | Identified the ring of Skepticism {rPois rN+ Str+2}
 86396 | Crypt:3  | Found a large runed translucent door.
 86397 | Crypt:3  | Found a large runed translucent door.
 86399 | Crypt:3  | Noticed Ciwiv's ghost (veteran FoFi)
 86423 | Crypt:3  | Received a gift from Okawaru
 86562 | Crypt:3  | Identified the ring "Ytoatool" {rN+ Int+3 Dex+4}
 86922 | Crypt:3  | Noticed an ancient lich
 87583 | Depths:5 | Bought the ring "Tecuos" {MR+ Str+4 Dex-3 SInv} for 880
                  | gold pieces
 88132 | Crypt:3  | Noticed an ancient lich
 88362 | Crypt:3  | Killed an ancient lich
 88534 | Crypt:3  | Killed an ancient lich
 88580 | Crypt:3  | Identified the +5 ring mail "Kegaz" {-Tele rN+ Str+2 Int+5}
                  | (You found it on level 3 of the Crypt)
 89342 | Slime:1  | Entered Level 1 of the Pits of Slime
 90205 | Slime:2  | Received a gift from Okawaru
 90279 | Slime:2  | Found a viscous altar of Jiyva.
 91931 | Slime:5  | Entered Level 5 of the Pits of Slime
 92098 | Slime:5  | Received a gift from Okawaru
 92119 | Slime:5  | Noticed the Royal Jelly
 92292 | Slime:5  | Killed the Royal Jelly
 93511 | Slime:5  | Got a slimy rune of Zot
 93616 | Slime:5  | Identified Sif Muna's Handbook of the Entourage
 94595 | Vaults:5 | Entered Level 5 of the Vaults
 94624 | Vaults:5 | Received a gift from Okawaru
 94637 | Vaults:5 | Identified the ring of Divine Compulsion {rElec rPois rCorr
                  | Dex-4}
 94638 | Vaults:5 | Reached skill level 10 in Evocations
 94956 | Vaults:5 | Identified the +6 leather armour "Axtibb" {rF++}
 94969 | Vaults:5 | Identified the +7 longbow of Mourning {vorpal, rC+}
 94973 | Vaults:5 | Noticed an ancient lich
 94979 | Vaults:5 | HP: 3/214 [deep elf high priest/damnation (40)]
 95488 | Vaults:5 | Killed an ancient lich
 96748 | Vaults:5 | Received a gift from Okawaru
 96773 | Vaults:5 | Noticed an ancient lich
 96796 | Vaults:5 | Killed an ancient lich
 97378 | Vaults:5 | Got a silver rune of Zot
 97821 | Vaults:5 | Received a gift from Okawaru
 99003 | Depths:5 | Bought the amulet of the King {Reflect Str+3 Int+6 SH+5}
                  | for 1285 gold pieces
100175 | Vaults:5 | Got a distressingly furry plate armour
100177 | Vaults:5 | Identified the +3 plate armour of Zesch {*Corrode rF+ MR++
                  | Str+4} (You found it on level 5 of the Vaults)
101240 | Depths:3 | Bought a scroll of enchant weapon for 142 gold pieces
101240 | Depths:3 | Bought a scroll of enchant weapon for 142 gold pieces
101240 | Depths:3 | Bought a scroll of identify for 38 gold pieces
101240 | Depths:3 | Bought a scroll of identify for 38 gold pieces
101240 | Depths:3 | Bought a scroll of identify for 38 gold pieces
101764 | Vaults:2 | Bought a potion of brilliance for 56 gold pieces
101764 | Vaults:2 | Bought a potion of heal wounds for 70 gold pieces
101764 | Vaults:2 | Bought a potion of brilliance for 56 gold pieces
101764 | Vaults:2 | Bought a potion of might for 56 gold pieces
101764 | Vaults:2 | Bought a potion of haste for 140 gold pieces
101764 | Vaults:2 | Bought a potion of ambrosia for 112 gold pieces
102065 | D:6      | Noticed Dowan
102065 | D:6      | Noticed Duvessa
102070 | D:6      | Killed Dowan
102073 | D:6      | Killed Duvessa
102257 | D:6      | You fall into a shaft and drop 1 floor!
102407 | D:6      | Found Otami's Armour Shoppe.
102664 | D:6      | Found a runed translucent gate.
102665 | D:6      | Found a runed translucent gate.
102665 | D:6      | Noticed stormannnn's ghost (novice MiFi)
102666 | D:6      | Found a runed translucent gate.
102725 | D:6      | Killed stormannnn's ghost
102909 | D:5      | Found a blossoming altar of Fedhas.
103118 | Temple   | Fell from the grace of Okawaru
103120 | Temple   | Became a worshipper of the Shining One
103445 | Hell     | Entered the Vestibule of Hell
103445 | Hell     | Noticed Geryon
103731 | Hell     | Reached * piety under the Shining One
103734 | Hell     | Reached skill level 5 in Stealth
104311 | Hell     | Killed Geryon
104455 | Depths:1 | HP: 7/216 [titan/the air[the fury of Okawaru] (27)]
104462 | Depths:1 | HP: 4/216 [titan[the fury of Okawaru] (28)]
106098 | Hell     | Reached ** piety under the Shining One
107096 | Hell     | Reached *** piety under the Shining One
107332 | Hell     | Found a gateway to the ashen valley of Gehenna.
107340 | Hell     | Reached skill level 15 in Dodging
107447 | Hell     | Reached **** piety under the Shining One
107523 | Hell     | Found a gateway to the Iron City of Dis.
107636 | Hell     | Found a gateway to the freezing wastes of Cocytus.
107790 | Hell     | Reached ***** piety under the Shining One
107864 | Hell     | Found a gateway to the decaying netherworld of Tartarus.
108114 | Geh:1    | Entered Level 1 of Gehenna
108473 | Geh:1    | Reached ****** piety under the Shining One
108503 | Geh:1    | Identified a +9 fustibalus of holy wrath (a +7 vorpal
                  | fustibalus blessed by the Shining One)
108503 | Geh:1    | Received a gift from the Shining One
109862 | Geh:3    | Reached skill level 15 in Invocations
110159 | Geh:4    | Noticed an ancient lich
110174 | Geh:4    | Killed an ancient lich
111555 | Geh:7    | Entered Level 7 of Gehenna
113509 | Geh:7    | Was forgiven by Okawaru
113513 | Geh:7    | Identified the +7 sceptre of Asmodeus
113513 | Geh:7    | Noticed Asmodeus
115840 | Geh:7    | Killed Asmodeus
115944 | Geh:7    | Found the ring of the Mage {Wiz MR++ Int+3}
116095 | Geh:7    | Got a crude turquoise ring
116114 | Geh:7    | Got a heavily runed copper ring
116131 | Geh:7    | Got an ancient granite ring
116148 | Geh:7    | Identified the cursed ring "Saotsig" {+Inv Int+2 Slay-4}
                  | (You found it on level 7 of Gehenna)
116150 | Geh:7    | Identified the ring of Qusadir {+Inv MP-9 Str+6 Int+5
                  | Stlth+} (You found it on level 7 of Gehenna)
116151 | Geh:7    | Identified the ring of Limitation {rN+ MR++ Int-2 SInv
                  | Stlth+} (You found it on level 7 of Gehenna)
116174 | Geh:7    | Got an obsidian rune of Zot
116843 | Coc:1    | Entered Level 1 of Cocytus
116896 | Coc:2    | Noticed a shard shrike
116896 | Coc:2    | Noticed a shard shrike
116906 | Coc:2    | Killed a shard shrike
116906 | Coc:2    | Killed a shard shrike
117045 | Coc:2    | Noticed a shard shrike
117055 | Coc:2    | Killed a shard shrike
117322 | Coc:3    | Noticed a shard shrike
117330 | Coc:3    | Killed a shard shrike
117540 | Coc:3    | Noticed a shard shrike
117546 | Coc:3    | Killed a shard shrike
117752 | Coc:3    | Noticed a shard shrike
117760 | Coc:3    | Killed a shard shrike
118049 | Coc:4    | Noticed a shard shrike
118053 | Coc:4    | Killed a shard shrike
118381 | Depths:3 | Got a masterwork falchion
118473 | Depths:3 | Got a pitted scimitar
118857 | Elf:1    | Identified the +7 falchion of Blood-Lust {freeze, rPois rC-
                  | Str+8 Dex-2} (You found it on level 3 of the Depths)
118862 | Elf:1    | Identified the +1 scimitar of Uskayaw's Grace {flame, *Slow
                  | rElec Dex+2} (You found it on level 3 of the Depths)
118863 | Elf:1    | Identified the cursed +0 scimitar of the Wraith {venom,
                  | MP+9} (You found it on level 1 of the Elven Halls)
119410 | Coc:3    | Reached skill level 1 in Long Blades
119440 | Coc:3    | Noticed a shard shrike
119455 | Coc:3    | Killed a shard shrike
119963 | Coc:7    | Entered Level 7 of Cocytus
120060 | Coc:7    | Noticed a shard shrike
120072 | Coc:7    | Killed a shard shrike
120091 | Coc:7    | Cast into level 2 of the Abyss (reaper)
120173 | Abyss:2  | Reached skill level 5 in Long Blades
120202 | Coc:7    | Escaped the Abyss
120882 | Coc:5    | Noticed a shard shrike
120892 | Coc:5    | Killed a shard shrike
121644 | Coc:7    | Noticed a shard shrike
121650 | Coc:7    | Noticed a shard shrike
121651 | Coc:7    | Noticed a shard shrike
121651 | Coc:7    | Noticed a shard shrike
121652 | Coc:7    | Killed a shard shrike
121655 | Coc:7    | Killed a shard shrike
121656 | Coc:7    | Killed from afar by a shard shrike

Illustrated notes

Levels and vault maps discovered:
D:1:      psy_arrival_basics, layout_loops_ring
D:2:      layout_loops_corners, nicolae_gozag_cash_rules_everything_around_me
D:3:      minmay_wonky_spiral, layout_loops_ring, lemuel_statue_altar, uniq_ijyb
D:4:      wad_river_or_something, layout_cave_pools,
          corexii_item_surrounded_by_moat, st_stairs_12,
          chequers_serial_rivers_room_a
D:5:      layout_rooms, temple_statues, minmay_crystal_water, fedhas_altar_4
D:6:      layout_basic, gammafunk_ghost_nasty_kobolds, grunt_decor_junction,
          minmay_shop_grid_forest, uniq_duvessa
D:7:      layout_loops_corners, nemelex_xobeh_ov_fountains_minmay,
          lightli_ossuary_entry_decrepit_ruins
D:8:      layout_layer_cave, serial_glass, glass_columns_a, glass_columns_b,
          minmay_strange_pillars, unseen_surprise_small, minmay_strange_pillars,
          feat_on_display, jiyva_altar_1, uniq_gastronok, uniq_maurice
D:9:      layout_gridville, david_lair_generic, serial_shops, nicolae_shop_trees
D:10:     kennysheep_ambush_hall, layout_cave_pools, enter_bailey_7,
          lemuel_tele_altar
D:11:     layout_loops_cross, orc_0_dummy
D:12:     layout_irregular_city
D:13:     layout_long_grid, gauntlet_entry_generic
D:14:     layout_loops_corners, erik_vaults_1, serial_park_fountain,
          serial_shops, shop, minmay_misc_feat_alley
D:15:     grunt_enter_depths_snipers, layout_loops_ring, fountainhead,
          minmay_fractal_squares_gapless_7
Temple:   kilobyte_greek_temple
Lair:1:   layout_layer_cave, serial_forest, infiniplex_forest_clump_medium,
          infiniplex_forest_lined_3, infiniplex_forest_end_3,
          infiniplex_forest_zigzag_1, infiniplex_forest_clump_C,
          nicolae_quartered_pool_super, beast_lair_carwin_2, uniq_grum
Lair:2:   layout_loops_ring, guppyfry_snake_entry_island, grunt_megastairs_3
Lair:3:   layout_chaotic_city, nicolae_swamp_entry_splash_gauntlet,
          grunt_megastairs_5, uniq_urug
Lair:4:   layout_hall_layers, lemuel_old_faithful, infiniplex_staircase_pool_2
Lair:5:   layout_roguey [special_room_mythical_zoo], kennysheep_snail_temple
Lair:6:   cheibrodos_lair_end_hotspot, layout_gridlike, slime_altar_1
Swamp:1:  layout_basic_swamp, evilmike_swamp_ruin_rubble_1, swamp_pool2,
          roderic_carrion_pond
Swamp:2:  layout_basic_swamp, evilmike_swamp_ruin_house_3,
          infiniplex_staircase_pool
Swamp:3:  layout_basic_swamp, evilmike_swamp_ruin_house_2, swamp_pool3
Swamp:4:  swamp_alternative, layout_basic_swamp, swamp_pool5
Snake:1:  layout_basic, basic_altar, grunt_megastairs_4
Snake:2:  layout_grid_maze, uniq_aizul
Snake:3:  layout_chambers, st_stairs_11, nicolae_snake_shapes, uniq_agnes,
          uniq_saint_roka, uniq_louise
Snake:4:  snake_pit, layout_basic, serial_curves, eino_curves_02, eino_curves_03
Slime:1:  layout_caves, nicolae_slime_phagocytosis
Slime:2:  layout_caves, basic_altar, nicolae_slime_barrier
Slime:3:  layout_caves
Slime:4:  layout_caves
Slime:5
Orc:1:    layout_diamond_mine, serial_shops,
          nicolae_shop_temple_entry_statues_fountains, bh_open_orc_temple,
          uniq_erica
Orc:2:    st_orc_mages, layout_caves, basic_altar, special_room
Elf:1:    elf_arrival_002, layout_rooms, infiniplex_enter_wizlab_water,
          minivault_28, st_stairs_1, minmay_shop_star
Elf:2:    layout_loops_cross, uniq_nikola
Elf:3:    minmay_elf_hall_quartered_circle, layout_gridlike,
          minmay_misc_feat_five, grunt_megastairs_2
Vaults:1: v_rooms_5, v_misc_9, v_misc_17, v_rooms_1, v_misc_26,
          nicolae_vaults_yaktaur_gun_rack, st_cross, hangedman_vaults_pinch,
          grunt_vaults_hallway_short, ontoclasm_vaults_fault,
          layout_vaults_maze_bifur
Vaults:2: v_misc_33, v_pattern_3, ontoclasm_vaults_loading_screen,
          ontoclasm_vaults_eye, hangedman_vaults_slice, layout_vaults_omnigrid,
          serial_shops, nicolae_shop_trees, uniq_mara
Vaults:3: ebering_vaults_ghost_reflecting_pool, hangedman_vaults_river_flow,
          vaults_room_fancy_cross, minmay_crypt_entry_skeletal_spiral,
          vaults_dpeg_ring, v_misc_26, nicolae_vaults_disjoint_gnomons,
          v_alt_pattern_3, v_misc_33, ontoclasm_vaults_loading_screen,
          nicolae_vaults_statue_guard, hangedman_vaults_nails,
          ontoclasm_vaults_ligature, nicolae_vaults_network_square,
          vaults_dpeg_diagonal, ontoclasm_vaults_loading_screen,
          layout_vaults_omnicross
Vaults:4: v_misc_8, v_misc_16, ontoclasm_vaults_claustrophobia,
          ontoclasm_vaults_idyll, vaults_room_fours, v_misc_24, v_misc_11,
          nicolae_vaults_big_angled_halls, v_misc_3, v_misc_8,
          hangedman_vaults_cutoff, nicolae_vaults_circle_grid_a,
          ontoclasm_vaults_twist, v_misc_13, layout_vaults_ring, uniq_xtahua
Vaults:5: serial_shops
Crypt:1:  minmay_guarded_unrand_sceptre_of_torment, layout_misc_corridors,
          nicolae_crypt_small_crypt
Crypt:2:  cheibrodos_crypt_3hun_7po, layout_gridlike
Crypt:3:  david_glass_crypt, layout_chaotic_city, tomb_entry_shell_bobbens,
          ebering_ghost_disaster_area, grunt_megastairs_1
Depths:1: layout_gridlike, nicolae_two_hexagons, special_room
          [special_room_morgue], grunt_mini_vestibule, abyss_entry,
          minmay_tree_intersection, kennysheep_pointless_box, minivault_22,
          nrook_loot_triangle, hangedman_glass_garden, serial_bayou_pond_b,
          kennysheep_just_a_vault, uniq_enchantress
Depths:2: evilmike_halls_of_destruction, layout_cave_pools, hell_entry,
          hangedman_decor_riveting, minmay_staircase_windowed_large
Depths:3: minmay_the_grid_triangle_9x9_rhombus_full
          [minmay_the_grid_triangle_9x9_wacky_v,
          minmay_the_grid_triangle_9x9_impossible_snake,
          minmay_the_grid_triangle_9x9_minimal,
          minmay_the_grid_triangle_9x9_tough_junction,
          minmay_the_grid_triangle_9x9_corrupted_corridor,
          minmay_the_grid_triangle_9x9_semitri,
          minmay_the_grid_triangle_9x9_dagger,
          minmay_the_grid_triangle_9x9_prize_center], layout_gridlike,
          enter_ziggurat_b, hangedman_decor_diamond_cutter,
          nicolae_abyss_entry_one_way_or_another, serial_shops, shop, shop,
          kennysheep_little_box, grunt_pan_entry_sceptre, hell_entry,
          patterned_corridor
Depths:4: minmay_skeletal_surprise, layout_basic, hangedman_geh_valley,
          abyss_entry_flame_altar, serial_sigils_hangedman_carve,
          minmay_strange_pillars, chequers_serial_rivers_micro_a,
          nicolae_lava_and_water, drop_trap, uniq_margery
Depths:5: grunt_zot_entry_funnels, layout_cave_shapes, grunt_pan_entry_zigzag,
          hell_entry, nrook_mini_backslash, minmay_shop_grove
Hell
Geh:1:    layout_gehenna_lava_caves
Geh:2:    layout_gehenna_pools_box
Geh:3:    layout_gehenna_lava_caves
Geh:4:    layout_gehenna_pools_triple, special_room [special_room_morgue]
Geh:5:    layout_gehenna_pools_box
Geh:6:    layout_gehenna_pools_triple, nicolae_geh_fiery_graves
          [nicolae_geh_single_fiery_grave, nicolae_geh_single_fiery_grave,
          nicolae_geh_single_fiery_grave, nicolae_geh_single_fiery_grave,
          nicolae_geh_single_fiery_grave, nicolae_geh_single_fiery_grave,
          nicolae_geh_single_fiery_grave, nicolae_geh_single_fiery_grave,
          nicolae_geh_single_fiery_grave]
Geh:7:    geh_mu
Coc:1:    layout_cocytus_water_paths
Coc:2:    layout_cocytus_water_paths
Coc:3:    layout_ice_bergs
Coc:4:    layout_cocytus_water_paths
Coc:5:    layout_cocytus_water_paths
Coc:6:    layout_cocytus_water_paths
Coc:7:    coc_grunt_cove [coc_grunt_cove_antaeus, coc_grunt_cove_fiend,
          coc_grunt_cove_fiend, coc_grunt_cove_fiend, coc_grunt_cove_fiend]

Skill      XL: |  1  2  3  4  5  6  7  8  9 10 11 12 13 14 15 16 17 18 19 20 21 22 23 24 25 26 27 |
---------------+----------------------------------------------------------------------------------+-----
Slings         | 6 7 8 9 10 13 14 15 17 18 19 20 21 22 23 24 25 26 27 | 27.0
Fighting       | 2 3 4 5 6 7 8 9 11 12 13 14 15 16 17 18 19 20 21 22 25 | 25.8
Armour         | 1 2 3 4 5 7 9 10 12 13 14 15 16 17 18 20 | 20.2
Dodging        | 3 4 5 7 8 9 10 11 12 13 14 18 | 18.4
Evocations     | 1 2 3 4 6 14 | 14.8
Stealth        | 2 3 4 5 |  5.0
Invocations    | 1 4 5 6 7 8 9 10 20 | 20.4
Shields        | 1 5 8 9 10 11 12 14 15 17 18 24 | 24.2
Long Blades    | 8 |  8.2
Throwing       | |  0.5

Action                   |  1- 3 |  4- 6 |  7- 9 | 10-12 | 13-15 | 16-18 | 19-21 | 22-24 | 25-27 || total
-------------------------+-------+-------+-------+-------+-------+-------+-------+-------+-------++-------
Melee: Hunting sling     |       |       |       |       |     3 |       |       |       |       ||     3
       Fustibalus        |       |       |       |       |       |       |     2 |     7 |    15 ||    24
       Long sword        |       |       |       |       |       |       |       |       |   605 ||   605
 Fire: Hunting sling     |    82 |   224 |   448 |   823 |  1199 |       |       |       |       ||  2776
       Fustibalus        |       |       |       |   300 |  1044 |  1418 |  1671 |  2010 |  5671 || 12114
Throw: Dart              |       |       |       |     5 |       |       |       |       |       ||     5
Invok: Heroism           |       |       |       |     8 |     6 |     6 |     3 |     7 |     8 ||    38
       Finesse           |       |       |       |     1 |     1 |     2 |     1 |     3 |    12 ||    20
       Cleansing Flame   |       |       |       |       |       |       |       |       |   103 ||   103
       Summon Divine War |       |       |       |       |       |       |       |       |    29 ||    29
       Divine Shield     |       |       |       |       |       |       |       |       |     3 ||     3
       Brand Weapon With |       |       |       |       |       |       |       |       |     1 ||     1
       Renounce Religion |       |       |       |       |       |       |       |       |     1 ||     1
Evoke: Wand              |       |     3 |     9 |     6 |     4 |     3 |     5 |       |     1 ||    31
       Phial of floods   |       |       |       |       |       |     2 |       |     1 |     1 ||     4
       Condenser vane    |       |       |       |       |       |     1 |     1 |     2 |     2 ||     6
       Box of beasts     |       |       |       |       |       |     1 |       |       |       ||     1
       Lightning rod     |       |       |       |       |       |       |       |       |     8 ||     8
  Use: Scroll            |       |    15 |     5 |     8 |    22 |     4 |    12 |     6 |    52 ||   124
       Potion            |       |       |     1 |     4 |       |       |     5 |       |    24 ||    34
Armor: Leather armour    |     5 |    10 |       |       |       |       |       |       |       ||    15
       Skin              |       |     5 |       |       |       |       |       |       |       ||     5
       Scale mail        |       |       |    37 |    27 |       |       |       |       |       ||    64
       Chain mail        |       |       |       |   113 |   315 |   300 |   199 |   219 |   200 ||  1346
       Plate armour      |       |       |       |       |       |       |       |       |  1314 ||  1314
Dodge: Dodged            |    15 |    45 |    75 |   298 |   498 |   488 |   358 |   551 |  2616 ||  4944
Block: Buckler           |       |       |       |       |       |   207 |   247 |   583 |  2320 ||  3357
       Reflection        |       |       |       |       |       |       |     8 |    74 |   118 ||   200
       Kite shield       |       |       |       |       |       |       |       |       |  1829 ||  1829
       Rpst.: Long sword |       |       |       |       |       |       |       |       |    91 ||    91

Table legend: (Time is in decaauts)
 A = Elapsed time spent in this place.
 B = Non-inter-level travel time spent in this place.
 C = Inter-level travel time spent in this place.
 D = Time resting spent in this place.
 E = Time spent auto-exploring this place.
 F = Levels seen in this place.
 G = Mean time per level.
                   A        B        C        D        E       F      G
               +--------+--------+--------+--------+--------+-----+--------+
         Total | 117435 |  97626 |  19809 |  13655 |  63335 |  73 | 1608.7 |
       Dungeon |  24601 |  17194 |   7407 |    997 |  12933 |  15 | 1640.1 |
        Temple |    282 |    176 |    106 |      0 |    159 |   1 |  282.0 |
          Lair |  10199 |   8005 |   2194 |    262 |   6381 |   6 | 1699.8 |
         Swamp |   5291 |   5135 |    156 |   1334 |   3113 |   4 | 1322.8 |
     Snake Pit |   9951 |   9450 |    501 |   1730 |   6326 |   4 | 2487.8 |
    Slime Pits |   4758 |   4298 |    460 |   1379 |   1999 |   5 |  951.6 |
  Orcish Mines |   4684 |   4121 |    563 |    790 |   2658 |   2 | 2342.0 |
   Elven Halls |   6777 |   6072 |    705 |    945 |   3958 |   3 | 2259.0 |
        Vaults |  13288 |  10508 |   2780 |   1063 |   7592 |   5 | 2657.6 |
         Crypt |   7969 |   7370 |    599 |    860 |   5305 |   3 | 2656.3 |
        Depths |  16156 |  13494 |   2662 |   3506 |   7536 |   5 | 3231.2 |
          Hell |   1777 |   1641 |    136 |    724 |    533 |   1 | 1777.0 |
       Gehenna |   7317 |   6740 |    577 |      2 |   4129 |   7 | 1045.3 |
       Cocytus |   3427 |   2470 |    957 |     59 |    294 |   7 |  489.6 |
         Abyss |    473 |    473 |      0 |      1 |    103 |   4 |  118.2 |
       Ossuary |    479 |    479 |      0 |      0 |    313 |   1 |  479.0 |
               +--------+--------+--------+--------+--------+-----+--------+

Top non-repeatable levels by time:
Depths:1: 5755 daAuts
 Snake:3: 4159 daAuts
Depths:3: 3876 daAuts
Vaults:4: 3343 daAuts
   Geh:7: 3331 daAuts
Vaults:3: 3160 daAuts
   Elf:3: 2964 daAuts
     D:9: 2899 daAuts
 Crypt:3: 2792 daAuts
   Orc:2: 2737 daAuts
 Crypt:1: 2704 daAuts
Depths:2: 2637 daAuts
    D:11: 2585 daAuts
 Crypt:2: 2472 daAuts
    D:15: 2454 daAuts
